 Dungeon Crawl Stone Soup version bcrawl-1.19.1 (webtiles) character file.

Game seed: 3224815229190690431

60 Freyura the Twirler (level 3, -1/28 HPs)
             Began as a Demonspawn Gladiator on Nov 23, 2019.
             Was an Initiate of Ashenzari.
             Slain by a worm (13 damage)
             ... on level 2 of the Dungeon.
             The game lasted 00:02:59 (927 turns).

Freyura the Twirler (Demonspawn Gladiator)           Turns: 927, Time: 00:03:00

Health: -1/28      AC:  6    Str: 14    XL:     3   Next: 82%
Magic:  3/3        EV: 14    Int:  9    God:    Ashenzari [......]
Gold:   75         SH:  0    Dex: 15    Spells: 2/2 levels left

rFire    . . .     SeeInvis .   a - +0 quarterstaff (curse)
rCold    . . .     Gourm    .   (shield currently unavailable)
rNeg     . . .     Faith    .   i - +0 ring mail
rPois    .         Spirit   .   c - +0 helmet
rElec    .         Reflect  .   (no cloak)
rCorr    .         Harm     .   (no gloves)
MR       .....                  (no boots)
Stlth    +.........             (no amulet)
HPRegen  0.09/turn              (no ring)
MPRegen  0.08/turn              (no ring)

@: no status effects
A: repulsion field 1
a: Curse Item, Renounce Religion


You were on level 2 of the Dungeon.
You worshipped Ashenzari.
Ashenzari was noncommittal.
You were not hungry.

You visited 1 branch of the dungeon, and saw 2 of its levels.

You collected 75 gold pieces.

Inventory:

Hand Weapons
 a - a cursed +0 quarterstaff (weapon)
Missiles
 d - 3 throwing nets (quivered) {!f}
Armour
 c - a +0 helmet (worn)
 i - a +0 ring mail (worn)
Jewellery
 b - an uncursed ring of protection from fire
Scrolls
 h - a scroll of blinking {unknown}
 k - a scroll of teleportation {unknown}
 l - a scroll of identify {unknown}
Potions
 e - a potion of flight {unknown}
 g - 2 potions of resistance {unknown}
 j - a potion of magic {unknown}
Comestibles
 f - 4 rations {!d}


   Skills:
 + Level 2.5 Fighting
 * Level 3.4 Staves
 - Level 1.7 Throwing
 + Level 1.1 Armour
 + Level 3.1 Dodging


You had 2 spell levels left.
You didn't know any spells.
Your spell library was empty.

Dungeon Overview and Level Annotations

Branches:
Dungeon (2/12)

Altars:
Ashenzari
Trog


Innate Abilities, Weirdness & Mutations

You are surrounded by a mild repulsion field. (EV +2)


Message History

There is an open door here.
The rat bites you but does no damage.
You sock the rat!
You kill the rat!
You sock the rat!
You kill the rat!
You barely miss the worm. The worm bites you!
You sock the worm!
The worm is moderately wounded.
The worm closely misses you.
You hit the worm.
The worm is moderately wounded.
The worm barely misses you.
You sock the worm!
The worm is heavily wounded.
The worm barely misses you.
You barely miss the worm.
The worm is heavily wounded.
The worm bites you!
You die...

#........####.#.#
#####.##.....>..#
#.......#########
#.##...##....###
#.##..##......)##
+.....#.........#
#.#.###....#....#
# #..##...###....
#.@wrw[.#y#._..
#.###...###....
#.# #....#...)#
..# #.......))#
#### ##.......##
##....### ######


You could see a moth of wrath, 2 worms and a rat.

Vanquished Creatures
  Jessica (D:2)
  2 dart slugs (D:1)
  3 leopard geckos (D:1)
  An orc (D:2)
  A ball python (D:1)
  A giant cockroach (D:1)
  3 goblins
  A hobgoblin (D:1)
  3 jackals (D:1)
  2 kobolds (D:1)
  A bat (D:1)
  3 frilled lizards
  5 rats
27 creatures vanquished.

Notes
Turn   | Place    | Note
-------+----------+-------------------------------------------
     0 | D:1      | Freyura the Demonspawn Gladiator began the quest for the
                  | Orb.
     0 | D:1      | Reached XP level 1. HP: 16/16 MP: 1/1
   131 | D:1      | Gained mutation: You are surrounded by a mild repulsion
                  | field. (EV +2) [demonic ancestry]
   131 | D:1      | Reached XP level 2. HP: 22/22 MP: 2/2
   374 | D:1      | Found a shattered altar of Ashenzari.
   383 | D:1      | Became a worshipper of Ashenzari the Shackled
   872 | D:2      | Reached XP level 3. HP: 25/28 MP: 3/3
   909 | D:2      | Noticed a moth of wrath
   909 | D:2      | Noticed Jessica
   911 | D:2      | Found a bloodstained altar of Trog.
   913 | D:2      | Killed Jessica
   913 | D:2      | Reached skill level 1 in Armour
   927 | D:2      | Slain by a worm

Skill      XL: |  1  2  3 |
---------------+----------+-----
Staves         | 3 |  3.4
Dodging        | 3 |  3.1
Armour         | 1 |  1.1
Fighting       | |  2.5
Throwing       | |  1.7

Action                   || total
-------------------------++-------
Melee: Quarterstaff      ||    66
Invok: Curse Item        ||     1
Armor: Leather armour    ||    19
       Ring mail         ||     4
Dodge: Dodged            ||    70
